 Dungeon Crawl Stone Soup version 0.31-a0-325-g067879e3d3 (webtiles) character file.

Game seed: 7073484661858516476

46785 lmSkywalker the Covert (level 14, -5/112 (121) HPs)
             Began as a Red Draconian Shapeshifter on July 18, 2023.
             Was a Follower of Uskayaw.
             Slain by a pharaoh ant (24 damage)
             ... on level 1 of the Spider Nest on July 19, 2023.
             The game lasted 01:47:48 (22629 turns).

lmSkywalker the Covert (DrSh)                      Turns: 22629, Time: 01:47:49

HP:   -5/112 (121)  AC: 16    Str: 17    XL:     14   Next: 6%
MP:   19/21         EV: 12    Int:  8    God:    Uskayaw [*.....]
Gold: 1224          SH: 11    Dex: 18    Spells: 13/13 levels left

rFire   + . .        A - +7 short sword (speed)
rCold   . . .        G - +0 kite shield
rNeg    + . .        (body armour unavailable)
rPois   +            (helmet restricted)
rElec   .            y - +1 cloak {rCorr}
rCorr   +            F - +0 pair of gloves
SInv    .            q - +0 pair of boots
Will    ++++.        K - amulet of the Four Winds {rN+ Will+++ Clar}
Stlth   +++++        s - +4 ring of protection
HPRegen 0.38/turn    b - ring of poison resistance
MPRegen 0.17/turn

%: clarity
@: maw-form, drained
A: devouring maw, breathe fire, AC +8, unfitting armour, fire resistance 1,
cold-blooded
a: Breathe Fire, Begin Untransformation, Renounce Religion, Stomp


You were on level 1 of the Spider Nest.
You worshipped Uskayaw.
Uskayaw was aware of your devotion.
You were a creature with a mouth for a stomach.
You visited 5 branches of the dungeon, and saw 19 of its levels.

You collected 1456 gold pieces.
You spent 232 gold pieces at shops.

Inventory:

Hand Weapons
 A - a +7 short sword of speed (weapon)
Missiles
 d - 7 javelins
 i - 16 poisoned darts
 u - 3 curare-tipped darts
 z - 2 atropa-tipped darts
 H - a throwing net
Armour
 q - a +0 pair of boots (worn)
 y - a +1 cloak of preservation (worn)
 F - a +0 pair of gloves (worn)
 G - a +0 kite shield (worn)
Jewellery
 b - a ring of poison resistance (right hand)
 n - a +6 ring of strength
 p - a ring of protection from fire
 s - a +4 ring of protection (left hand)
 I - a +6 ring of strength
 K - the amulet of the Four Winds (around neck) {rN+ Will+++ Clar}
   (You found it on level 4 of the Lair of Beasts)

   [amulet of nothing]

   rN:        It protects you from negative energy.
   Clar:      It protects you from confusion, rage, mesmerisation and fear.
   Will:      It greatly increases your willpower.
Talismans
 k - a maw talisman
Wands
 o - a wand of charming (11)
 t - a wand of digging (4)
 x - a wand of roots (4)
 B - a wand of flame (30)
Scrolls
 c - a scroll of summoning {unknown}
 e - 2 scrolls of blinking
 f - a scroll of vulnerability
 h - 8 scrolls of teleportation
 m - 3 scrolls of revelation
 v - a scroll of enchant armour {unknown}
 J - a scroll of torment
 L - 2 scrolls of amnesia
 N - a scroll of acquirement {unknown}
 Q - a scroll of fear {unknown}
Potions
 a - a potion of heal wounds
 g - a potion of resistance
 j - 5 potions of curing
 l - 2 potions of mutation
 r - 4 potions of haste
 w - 2 potions of invisibility
 C - 2 potions of attraction
 D - 2 potions of ambrosia
 E - a potion of berserk rage
 M - a potion of cancellation {unknown}
 O - 2 potions of brilliance
 P - a potion of enlightenment
 T - a potion of might
Miscellaneous
 R - a sack of spiders (inert)


   Skills:
 - Level 10.0 Fighting
 - Level 10.0 Short Blades
 + Level 1.2 Throwing
 + Level 3.9 Dodging
 - Level 10.6 Stealth
 + Level 8.5 Shields
 - Level 7.0 Unarmed Combat
 - Level 10.0 Invocations
 + Level 4.8 Evocations
 - Level 9.0 Shapeshifting


You had 13 spell levels left.
You didn't know any spells.
Your spell library contained the following spells:

 Spells                   Type           Power      Damage    Failure   Level
 Foxfire                  Conj/Fire      0%         2x1d4     67%         1
 Magic Dart               Conj           0%         1d3       67%         1
 Call Imp                 Summ           0%         N/A       82%         2
 Gell's Gravitas          Tloc           0%         N/A       96%         3
 Hailstorm                Conj/Ice       0%         3d3       96%         3
 Mephitic Cloud           Conj/Pois/Air  0%         N/A       96%         3
 Summon Guardian Golem    Hex/Summ       0%         N/A       96%         3
 Volatile Blastmotes      Fire/Tloc      0%         2d10      96%         3
 Fulminant Prism          Conj/Hex       0%         3d5       100%        4
 Iskenderun's Mystic Bla  Conj/Tloc      0%         2d3       100%        4
 Summon Ice Beast         Ice/Summ       0%         N/A       100%        4
 Fireball                 Conj/Fire      0%         3d3       100%        5
 Iskenderun's Battlesphe  Conj           0%         2d6       100%        5
 Summon Forest            Summ/Tloc      0%         N/A       100%        5
 Conjure Ball Lightning   Conj/Air       0%         3x3d6     100%        6
 Eringya's Noxious Bog    Tmut/Pois      0%         4d6       100%        6
 Plasma Beam              Fire/Air       0%         2x1d10    100%        6
 Simulacrum               Ice/Necr       0%         N/A       100%        6
 Starburst                Conj/Fire      0%         6d3       100%        6
 Malign Gateway           Summ/Tloc      0%         N/A       100%        7
 Orb of Destruction       Conj           0%         9d5       100%        7
 Spellforged Servitor     Conj/Summ      0%         N/A       100%        7
 Summon Hydra             Summ           0%         N/A       100%        7
 Disjunction              Tloc           0%         N/A       100%        8


Dungeon Overview and Level Annotations

Branches:
Dungeon (10/15)            Temple (1/1) D:5            Lair (5/5) D:8
 Shoals (0/4) Lair:2       Spider (1/4) Lair:3        Slime (0/5) Lair:5
    Orc (2/2) D:10            Elf (0/3) Orc:2

Altars:
Ashenzari
Cheibriados
Dithmenos
Elyvilon
Fedhas
Gozag
Hepliaklqana
Kikubaaqudgha
Makhleb
Nemelex Xobeh
Okawaru
Qazlal
Ru
Sif Muna
Trog
Uskayaw
Vehumet
Wu Jian
Xom
Yredelemnul
Zin
The Shining One
Jiyva

Shops:
D:5 [   Orc:1 *   Orc:2 (:[*

Annotations:
D:6 2 runed translucent doors, exclusion: 2 doors, snackwell's ghost, novice MiSh
D:9 exclusions: cyclops and door
D:10 2 transporters, exclusions: door and 1 more exclusion, Erolcha; Ofeo's ghost, novice DrSh
Lair:3 1 runed translucent door, packetloss's ghost, journeyman GnHW


Innate Abilities, Weirdness & Mutations

You are a creature with a mouth for a stomach.
Your midsection houses a second, enormous mouth.
You can breathe blasts of fire.
Your fiery red scales are hard. (AC +8)
You cannot fit into any form of body armour.
Your flesh is heat resistant. (rF+)
You are cold-blooded and may be slowed by cold attacks.


Message History

The pharaoh ant is engulfed in blazing flames.
You miss the culicivora. Your bite misses the culicivora.
The culicivora is severely wounded.
The culicivora bites you but does no damage.
The culicivora bites you but does no damage.
A redback comes into view.
The pharaoh ant is engulfed in blazing flames.
You block the pharaoh ant's attack.
The culicivora attacks as you move away!
You block the culicivora's attack. The pharaoh ant bites you!!
You partially resist.
You feel drained.
You stomp with the beat, sending a shockwave through the revellers around you!
The pharaoh ant is severely damaged.
The pharaoh ant is heavily damaged.
The culicivora is almost dead.
You can no longer stomp with the beat.
The pharaoh ant barely misses you. The culicivora bites you!
The culicivora draws strength from your injuries!
The pharaoh ant bites you! The pharaoh ant bites you!! You partially resist.
You feel drained.
* * * LOW HITPOINT WARNING * * *
The culicivora misses you. The pharaoh ant completely misses you.
The pharaoh ant closely misses you.
You puncture the pharaoh ant!
You bite the pharaoh ant, but do no damage.
The pharaoh ant is almost destroyed.
The pharaoh ant bites you but does no damage.
The pharaoh ant bites you!!
* * * LOW HITPOINT WARNING * * *
You partially resist.
You feel drained.
You can now stomp with the beat.
You feel much better. The pharaoh ant bites you!!
* * * LOW HITPOINT WARNING * * *
The pharaoh ant closely misses you.
The sack of spiders is presently inert.
You have got your breath back.
The pharaoh ant closely misses you. The pharaoh ant barely misses you.
You block the pharaoh ant's attack. The pharaoh ant bites you!!
You die...

#....^#...^... #
#..#.#...^#.#.# .
#.#^...#.......... #
......#..#.###^#.#..
#.....##.....#...
#≈~#...s........#.#
#≈..#.s..##......#
#≈###~##B^...#...# ..
#≈###.WB....##.#.#^.#
#≈~<..#.#~#~#.#..#..#
#≈≈#...#...#............
# #..^#...#...#.....#.#
#~.#.###~#...#....#..#.
#≈##.. ##~..#..##......
## ###~ ##.........#...
####^..#.....#...
#≈^#.##.........


You could see 2 pharaoh ants.

Vanquished Creatures
  An orc warlord (Orc:2)
  An ettin (Orc:2)
  A hydra (Lair:3)
  A catoblepas (Lair:5)
  A demonic crawler (Spider:1)
  2 orc high priests (Orc:2)
  5 death yaks (Lair:3)
  A skyshark (Lair:3)
  A lindwurm (Lair:3)
  2 orc knights (Orc:2)
  4 orc sorcerers (Orc:2)
  3 wolf spiders
  A merfolk siren (Lair:2)
  2 cyclopes
  9 elephants (Lair:4)
  3 black mambas
  13 cane toads
  2 rime drakes
  7 komodo dragons
  6 trolls
  A polar bear (Lair:4)
  Grinder (D:4)
  2 tarantellas
  Prince Ribbit (D:5)
  9 blink frogs
  A hornet (D:10)
  A jumping spider (Spider:1)
  2 slime creatures (Lair:5)
  3 wyverns
  49 yaks
  A basilisk (Lair:5)
  6 redbacks (Spider:1)
  4 wargs
  3 steam dragons
  Menkaure (D:6)
  An acid dragon (D:10)
  14 water moccasins
  Duvessa (D:6)
  An ice beast (D:5)
  24 orc warriors
  A sky beast (D:8)
  A black bear (Lair:1)
  6 ogres
  6 wolves
  2 phantoms (D:4)
  3 kobold brigands
  7 bullfrogs
  2 gnoll sergeants (D:9)
  6 scorpions
  4 wights
  Dowan (D:6)
  11 killer bees
  5 electric eels
  8 hounds
  2 jellies (Lair:5)
  14 orc priests
  A gnoll bouda (Lair:5)
  21 orc wizards
  Terence (D:3)
  An iguana (D:6)
  17 gnolls
  5 adders
  A white imp (D:5)
  An ufetubus (D:7)
  2 dart slugs
  47 orcs
  5 ball pythons
  8 endoplasms
  A giant cockroach (D:3)
  8 goblins
  7 hobgoblins
  2 jackals (D:4)
  5 quokkas
  2 bats (D:1)
  6 frilled lizards
  19 kobolds
  7 rats
438 creatures vanquished.

Vanquished Creatures (collateral kills)
  An orc warlord (Orc:2)
  An ogre (Orc:2)
2 creatures vanquished.

Vanquished Creatures (others)
  A steam dragon (D:9)
  A bullfrog (Lair:1)
2 creatures vanquished.

Grand Total: 442 creatures vanquished

Notes
Turn   | Place    | Note
-------+----------+-------------------------------------------
     0 | D:1      | lmSkywalker the Draconian Shapeshifter began the quest for
                  | the Orb.
     0 | D:1      | Reached XP level 1. HP: 17/17 MP: 1/1
   171 | D:1      | Reached XP level 2. HP: 19/24 MP: 2/2
   685 | D:2      | Reached XP level 3. HP: 29/29 MP: 3/3
  1381 | D:3      | Noticed Terence
  1399 | D:3      | Killed Terence
  1400 | D:3      | Reached XP level 4. HP: 14/36 MP: 4/4
  1894 | D:4      | You fall into a shaft and drop 2 floors!
  1898 | D:6      | Got Sif Muna's Catalogue of Peregrination
  1900 | D:6      | Found a large runed translucent door.
  1902 | D:6      | Found a large runed translucent door.
  1934 | D:5      | Entered Level 5 of the Dungeon
  1938 | D:5      | Noticed a scorpion
  1952 | D:5      | Killed a scorpion
  1953 | D:5      | Reached skill level 1 in Short Blades
  1953 | D:5      | Reached skill level 1 in Stealth
  1953 | D:5      | Reached XP level 5. HP: 41/41 MP: 5/5
  2526 | D:4      | Noticed a phantom
  2586 | D:4      | Reached XP level 6. HP: 47/48 MP: 6/6
  2748 | D:4      | Noticed Grinder
  2934 | D:4      | Found a shimmering altar of Xom.
  3082 | D:5      | Noticed an ice beast
  3567 | D:4      | Paralysed by Grinder for 3 turns
  3572 | D:4      | Killed Grinder
  3573 | D:4      | Your scales start taking on a fiery red colour.
  3573 | D:4      | Reached XP level 7. HP: 46/55 MP: 7/7
  3573 | D:4      | Gained mutation: Your flesh is heat resistant. (rF+) [Red
                  | Draconian growth]
  3625 | D:5      | Found Raxiab's Antique Armour Shop.
  3635 | D:5      | Bought an embroidered cloak for 232 gold pieces
  3654 | D:5      | Found a staircase to the Ecumenical Temple.
  3663 | Temple   | Entered the Ecumenical Temple
  3685 | Temple   | Became a worshipper of Uskayaw the Reveller
  3711 | D:5      | Found a burning altar of Makhleb.
  3711 | D:5      | Found a glowing golden altar of the Shining One.
  3711 | D:5      | Found an ornate altar of the Wu Jian Council.
  3711 | D:5      | Found a blossoming altar of Fedhas.
  3712 | D:5      | Found a sparkling altar of Nemelex Xobeh.
  3712 | D:5      | Found an iron altar of Okawaru.
  3716 | D:5      | Reached * piety under Uskayaw
  3789 | D:5      | Reached ** piety under Uskayaw
  4023 | D:6      | Noticed Menkaure
  4083 | D:6      | Noticed Dowan
  4084 | D:6      | Noticed Duvessa
  4273 | D:6      | Noticed snackwell's ghost (novice MiSh)
  4285 | D:6      | Noticed Prince Ribbit
  4307 | D:5      | Killed Prince Ribbit
  4308 | D:5      | Reached skill level 5 in Shapeshifting
  4308 | D:5      | Reached XP level 8. HP: 24/61 MP: 8/8
  4474 | D:6      | Killed Menkaure
  4574 | D:6      | Reached skill level 5 in Short Blades
  4574 | D:6      | Reached skill level 5 in Stealth
  5506 | D:6      | Killed Dowan
  5536 | D:6      | Killed Duvessa
  5828 | D:7      | Found a shimmering blue altar of Sif Muna.
  5905 | D:7      | Reached XP level 9. HP: 48/69 MP: 9/9
  5906 | D:7      | Reached *** piety under Uskayaw
  5915 | D:7      | Reached **** piety under Uskayaw
  6313 | D:7      | Reached ***** piety under Uskayaw
  6868 | D:8      | Reached skill level 5 in Fighting
  6991 | D:8      | Found a sacrificial altar of Ru.
  7072 | D:8      | Reached XP level 10. HP: 71/81 MP: 10/10
  7359 | D:8      | Found a staircase to the Lair.
  7927 | D:8      | Found a shadowy altar of Dithmenos.
  8135 | D:9      | Found a radiant altar of Vehumet.
  8698 | D:9      | Found a hazy altar of Hepliaklqana.
  8698 | D:9      | Found a white marble altar of Elyvilon.
  8762 | D:9      | Found a snail-covered altar of Cheibriados.
  9114 | D:9      | Noticed a cyclops
  9500 | D:10     | Entered Level 10 of the Dungeon
  9645 | D:9      | Reached skill level 1 in Shields
  9783 | D:10     | Found a transporter.
  9968 | D:10     | Noticed Erolcha
 10021 | D:10     | Found a staircase to the Orcish Mines.
 10173 | D:10     | Found a transporter.
 10321 | D:10     | Noticed Ofeo's ghost (novice DrSh)
 10712 | Lair:1   | Entered Level 1 of the Lair of Beasts
 11107 | Lair:1   | Noticed a cane toad
 11194 | Lair:1   | Reached XP level 11. HP: 85/93 MP: 11/11
 11531 | Lair:1   | Reached skill level 1 in Invocations
 13205 | Lair:2   | Reached skill level 5 in Shields
 13635 | Lair:2   | Found a staircase to the Shoals.
 13856 | Lair:3   | Noticed a lindwurm
 13872 | Lair:3   | Reached skill level 10 in Short Blades
 13889 | Lair:3   | Reached ****** piety under Uskayaw
 13899 | Lair:3   | Killed a lindwurm
 14041 | Lair:3   | Reached skill level 5 in Invocations
 14140 | Lair:3   | Noticed a death yak
 14148 | Lair:3   | Noticed a death yak
 15301 | Lair:3   | Noticed an eight-headed hydra
 15313 | Lair:3   | Killed an eight-headed hydra
 15314 | Lair:3   | Reached XP level 12. HP: 98/105 MP: 14/16
 15439 | Lair:3   | Noticed a death yak
 15459 | Lair:3   | Noticed a death yak
 15525 | Lair:3   | Killed a death yak
 15570 | Lair:3   | Killed a death yak
 15935 | Lair:3   | Noticed a death yak
 15948 | Lair:3   | Killed a death yak
 15975 | Lair:3   | Killed a death yak
 15985 | Lair:3   | Killed a death yak
 16262 | Lair:3   | Found a hole to the Spider Nest.
 16280 | Lair:3   | Identified the +5 plate armour of the Teacher {Slay+3}
 16491 | Lair:3   | Found a runed translucent door.
 16492 | Lair:3   | Noticed packetloss's ghost (journeyman GnHW)
 17144 | Lair:4   | Reached skill level 10 in Fighting
 17433 | Lair:4   | Reached skill level 5 in Unarmed Combat
 17708 | Lair:4   | Reached XP level 13. HP: 113/113 MP: 19/19
 17748 | Lair:4   | Identified the +10 flail of Suohuw {venom, Dex+3}
 18239 | Lair:4   | Identified the +2 mace of Infinity {drain, Stlth+}
 18384 | Lair:4   | Found the amulet of the Four Winds {rN+ Will+++ Clar}
 18731 | Lair:5   | Entered Level 5 of the Lair of Beasts
 19107 | Lair:5   | Reached skill level 10 in Invocations
 19143 | Lair:5   | Found a viscous altar of Jiyva.
 19143 | Lair:5   | Found a staircase to the Slime Pits.
 19927 | Orc:1    | Entered Level 1 of the Orcish Mines
 19938 | Orc:1    | Reached skill level 1 in Evocations
 20130 | Orc:1    | Found Wugucky's Assorted Antiques.
 20326 | Orc:2    | Entered Level 2 of the Orcish Mines
 20326 | Orc:2    | Noticed an ettin
 20327 | Orc:2    | Noticed an orc warlord
 20423 | Orc:2    | Found Mona's Antique Weapon Boutique.
 20503 | Orc:2    | Found a staircase to the Elven Halls.
 20528 | Orc:2    | Noticed an orc warlord
 20710 | Orc:2    | Killed an orc warlord
 20711 | Orc:2    | Reached skill level 10 in Stealth
 21034 | Orc:2    | Found Wowot's General Store.
 21271 | Orc:2    | Killed an ettin
 21371 | Orc:2    | Found Gitzonif's Book Shop.
 21410 | Orc:2    | Killed an orc warlord
 21738 | Orc:2    | Found Vuicsu's Antique Armour Emporium.
 22168 | Spider:1 | Entered Level 1 of the Spider Nest
 22254 | Spider:1 | Reached XP level 14. HP: 121/121 MP: 21/21
 22278 | Spider:1 | Reached skill level 1 in Throwing
 22629 | Spider:1 | Slain by a pharaoh ant

Illustrated notes

Levels and vault maps discovered:
D:1:      amcnicky_arrival_flooded_fountain, layout_rooms,
          minmay_misc_feat_diagonals, reono_crystal_passage
D:2:      layout_basic, nicolae_the_louvre
D:3:      layout_loops_ring, uniq_terence
D:4:      layout_gridville, overflow_temple_1_default, minmay_quadrilaterals,
          uniq_grinder
D:5:      layout_loops_cross, minmay_overflow_temple_hex,
          minmay_temple_entry_poolview, serial_shops, nicolae_shop_trees
D:6:      layout_rooms, ebering_ghost_disaster_area, uniq_duvessa,
          uniq_prince_ribbit1, uniq_menkaure
D:7:      layout_rooms, nicolae_sif_muna_condensation,
          hangedman_abyss_or_decor_stabs
D:8:      layout_loops_ring, nicolae_ru_sacrificial_ziggurat, marbit_many_paths,
          erik_lair_island
D:9:      layout_roguey, grunt_temple_overflow_open
D:10:     layout_roguey, orc_0_dummy, gammafunk_ghost_stat_death, uniq_erolcha
Temple:   hellmonk_temple_rainy
Lair:1:   layout_long_grid, lemuel_fruit_tree, infiniplex_staircase_pool
Lair:2:   layout_long_grid, minmay_shoals_entry_lonely_mermaid,
          minmay_hedge_maze
Lair:3:   layout_roguey, spider_nest_entry_rubble, ebering_ghost_inner_flame,
          serial_bayou_pond_e
Lair:4:   layout_cave_pods, serial_bayou_crossing
Lair:5:   due_jungle_book, layout_cave_pods, minmay_slime_entry_pillars,
          dreamdust_gnoll_shepherd, serial_bayou_shore_a
Spider:1: layout_spider_delve, gammafunk_ghost_berserking_beasts
Orc:1:    layout_caves, serial_shops, nicolae_shop_real_fake_doors
Orc:2:    grunt_orc_gardens, layout_caves, grunt_orc_garden, grunt_orc_garden,
          grunt_orc_garden, grunt_orc_garden

Skill      XL: |  1  2  3  4  5  6  7  8  9 10 11 12 13 14 |
---------------+-------------------------------------------+-----
Unarmed Combat | 3 5 7 |  7.0
Short Blades   | 1 2 3 4 6 7 8 10 | 10.0
Dodging        | 2 3 |  3.9
Stealth        | 1 2 3 4 5 8 10 | 10.6
Shapeshifting  | 4 5 6 8 9 |  9.0
Fighting       | 3 5 7 9 10 | 10.0
Shields        | 3 6 8 |  8.5
Invocations    | 5 9 10 | 10.0
Evocations     | 4 |  4.8
Throwing       | 1 |  1.2

Action                     |  1- 3 |  4- 6 |  7- 9 | 10-12 | 13-15 || total
---------------------------+-------+-------+-------+-------+-------++-------
  Melee: Unarmed           |    93 |    10 |       |       |       ||   103
         Tailslap          |    11 |    14 |    40 |   195 |   131 ||   391
         Dagger            |    27 |    96 |    71 |       |       ||   194
         Punch             |     1 |     2 |     5 |     4 |       ||    12
         Short sword       |       |       |   179 |   979 |   601 ||  1759
         Maw               |       |       |    32 |   295 |   177 ||   504
  Throw: Dart              |       |     8 |     3 |       |       ||    11
         Boomerang         |       |       |       |    10 |       ||    10
         Throwing net      |       |       |       |     1 |       ||     1
 Invoke: Stomp             |       |       |     2 |     7 |    13 ||    22
         Line Pass         |       |       |     1 |     6 |     3 ||    10
Ability: Breathe Fire      |       |       |    29 |    47 |    23 ||    99
  Evoke: Wand              |       |     4 |     1 |     2 |       ||     7
    Use: Potion            |       |     1 |       |     2 |     3 ||     6
         Scroll            |       |       |     9 |     6 |    11 ||    26
   Stab: Sleeping          |     2 |     2 |       |     4 |     6 ||    14
         Paralysed         |       |       |     6 |    33 |    19 ||    58
         Distracted        |       |       |       |     2 |     3 ||     5
         Confused          |       |       |       |     4 |     4 ||     8
 Armour: Skin              |    15 |    38 |    64 |   155 |    86 ||   358
  Dodge: Dodged            |    57 |    29 |   104 |   203 |   127 ||   520
  Block: Kite shield       |       |       |       |   241 |   184 ||   425
         Reflection        |       |       |       |     1 |       ||     1
   Form: Maw               |       |       |     1 |       |       ||     1

Table legend: (Time is in decaauts)
 A = Elapsed time spent in this place.
 B = Non-inter-level travel time spent in this place.
 C = Inter-level travel time spent in this place.
 D = Time resting spent in this place.
 E = Time spent auto-exploring this place.
 F = Levels seen in this place.
 G = Mean time per level.
                   A        B        C        D        E       F      G
               +--------+--------+--------+--------+--------+-----+--------+
         Total |  21612 |  19847 |   1765 |   5944 |   5019 |  19 | 1137.5 |
       Dungeon |  10575 |   9354 |   1221 |   1904 |   2724 |  10 | 1057.5 |
        Temple |     32 |     23 |      9 |      0 |      0 |   1 |   32.0 |
          Lair |   8672 |   8262 |    410 |   3304 |   1672 |   5 | 1734.4 |
   Spider Nest |    434 |    434 |      0 |    315 |      0 |   1 |  434.0 |
  Orcish Mines |   1897 |   1773 |    124 |    420 |    622 |   2 |  948.5 |
               +--------+--------+--------+--------+--------+-----+--------+

Top non-repeatable levels by time:
  Lair:3: 2983 daAuts
  Lair:4: 1679 daAuts
  Lair:2: 1560 daAuts
  Lair:1: 1496 daAuts
     D:5: 1489 daAuts
     D:9: 1456 daAuts
     D:8: 1436 daAuts
     D:4: 1288 daAuts
   Orc:2: 1245 daAuts
    D:10: 1070 daAuts
     D:3: 1002 daAuts
     D:6: 961 daAuts
  Lair:5: 952 daAuts
     D:7: 928 daAuts
   Orc:1: 652 daAuts
